woodfighter, lawful female human Archeologist -------- -------- ###........|#####-<.....| ## |aF.....|# |......| ##@.......+## +......| # ---------# -------- ################ # # +### # # # #################### woodfighter the Field Worker Experience level: 5 Strength: 12 Dexterity: 13 Constitution: 12 Intelligence: 16 Wisdom: 13 Charisma: 9 Health: 0(39) Energy: 25(25) Def: 2 Gold: 0 Moves: 1751 Dungeon seed: pU115AfdCmF7Tv1s Game ID: woodfighter_1582225921 Your Inventory: Weapons c - a +2 bullwhip (alternate weapon; not wielded) O - 20 +0 darts Armor e - an uncursed +0 leather jacket (being worn) z - an uncursed +0 orcish helm (being worn) Comestibles b - 5 uncursed food rations l - an uncursed sprig of wolfsbane Scrolls U - an uncursed scroll of gold detection Tools a - a +0 pick-axe (weapon in hand) w - an uncursed magic whistle B - an uncursed oil lamp (0:1077) Spells and supernatural/magical abilities: Name Level Category Fail Memory W - pray for help -- divine ? -- Your skills at the end: Miscellaneous Skills wands [Basic] Weapon Skills pick-axe [Basic] boomerang [Basic] whip [Basic] Spellcasting Skills Final Attributes: You were fervently aligned. You were telepathic. You were very stealthy. You were fast. You are dead. Vanquished creatures: a soldier ant an imp a fog cloud a ghoul a straw golem a floating eye a kitten a kobold lord a jitterbug 4 dwarf zombies 4 killer bees 2 coyotes a large kobold 7 giant rats a brown mold a yellow mold a jackal a fox a kobold 6 newts a goblin 2 sewer rats 2 grid bugs 3 lichens 3 kobold zombies 49 creatures vanquished. Voluntary challenges: You did not adorn yourself with jewelry or accessories. You did not cause conflict. You were not invisible. You did not have reflection. You were not displaced. You used a wielded weapon 106 times, starting on turn 21. You did not apply a unicorn horn. You did not use plumbed fixtures. You did not drink any magical draughts. You were illiterate. You never genocided any monsters. You never polymorphed an object. You never changed form. You used no wishes. You never split a pudding. You never wrote Elbereth's name. You never violated your personal moral code. Dungeon overview: The Dungeons of Doom: levels 1 to 7 Level 1 (water) a fountain a long staircase Level 2 (vault) a general store Level 3 an altar to Camaxtli, a fountain Level 4 a scroll shop, a fountain stairs to The Gnomish Mines Level 5 a fountain, a sink Level 6 an altar to Huhetotl Level 7 <- You were here The Gnomish Mines: Level 5 stairs to The Dungeons of Doom History has recorded: On T:1 you entered the Dungeons of Doom to retrieve the Amulet of Yendor! On T:70 you reached level 2 of The Dungeons of Doom. On T:280 you reached level 3 of The Dungeons of Doom. On T:552 you advanced to experience level 2. On T:659 you reached level 4 of The Dungeons of Doom. On T:750 you reached level 5 of The Dungeons of Doom. On T:804 you advanced to experience level 3. On T:811 you reached level 1 of The Gnomish Mines. On T:1015 you advanced to experience level 4. On T:1084 you reached level 6 of The Dungeons of Doom. On T:1311 you advanced to experience level 5. On T:1334 you prayed to Quetzalcoatl. On T:1417 you reached level 7 of The Dungeons of Doom. On T:1747 you prayed to Quetzalcoatl. Score breakdown: Gold: 0 ( 0 points) Experience: 5 levels ( 400 points) Exploration: 7 levels ( 180 points) Discoveries: 7 items ( 350 points) Variety of kills: 25 monsters ( 1250 points) Major goal: (nothing yet) ( 0 points) Survival: died (score multiplied by 3) Total score: 6540 Latest messages: The straw golem claws you! (2x) You hit the straw golem. (2x) The straw golem claws you! (2x) You hit the straw golem. (2x) The straw golem claws you! (2x) You destroy the straw golem! You stop exploring. The door resists! The door opens. The soldier ant bites! The soldier ant stings! You begin praying to Quetzalcoatl. You are surrounded by a shimmering light. The soldier ant starts to attack you, but pulls back. (4x) You feel that Quetzalcoatl is pleased. You feel much better. You hit the soldier ant. The soldier ant bites! The soldier ant stings! You hit the soldier ant. The soldier ant bites! The soldier ant stings! You hit the soldier ant! The soldier ant bites! The soldier ant stings! You die... Final status: Goodbye woodfighter the Archeologist, killed by a soldier ant... You died in The Dungeons of Doom on dungeon level 7 with 6540 points, and 0 pieces of gold, after 1751 moves. You were level 5 with a maximum of 39 hit points when you died.